 Dungeon Crawl Stone Soup version 0.17.1-3-g152610e (webtiles) character file.

100 Jerry the Gusty (level 4, -1/33 HPs)
             Began as a Draconian Air Elementalist on Mar 26, 2016.
             Killed from afar by dmf's ghost (9 damage)
             ... with a magic dart
             ... on level 5 of the Dungeon.
             The game lasted 00:23:39 (3371 turns).

Jerry the Gusty (Draconian Air Elementalist)        Turns: 3371, Time: 00:23:39

Health: -1/33      AC:  5    Str: 10    XL:     4   Next: 47%
Magic:  2/7        EV: 13    Int: 16    God:
Gold:   103        SH:  0    Dex: 12    Spells: 2 memorised, 4 levels left

rFire  . . .     SeeInvis .     d - +0 dagger (venom)
rCold  . . .     Clarity  .     (armour unavailable)
rNeg   . . .     SustAt   .     (no shield)
rPois  .         Gourm    .     (helmet restricted)
rElec  .         Spirit   .     (no cloak)
rCorr  .         Warding  .     (no gloves)
rMut   .         Stasis   .     (no boots)
MR     .....                    (no amulet)
Stlth  ++........               (no ring)
                                (no ring)

@: swift (expiring), quick, not resistant to hostile enchantments, unstealthy
A: unfitting armour, cold-blooded, AC +5
a: no special abilities


You were on level 5 of the Dungeon.
You were not hungry.

You visited 1 branch of the dungeon, and saw 5 of its levels.

You collected 103 gold pieces.

Inventory:

Hand Weapons
 d - a +0 dagger of venom (weapon)
 e - a +0 dagger
Wands
 p - a wand of confusion (48)
Potions
 f - 2 potions of curing {unknown}
 k - a potion of flight {unknown}
 l - a potion of brilliance {unknown}
Books
 a - a book of Air

   Spells                             Type                      Level
   a - Shock                          Conjuration/Air              1
   b - Swiftness                      Charms/Air                   2
   c - Repel Missiles                 Charms/Air                   2
   d - Static Discharge               Conjuration/Air              3
   e - Lightning Bolt                 Conjuration/Air              5
Comestibles
 b - 4 bread rations
 c - a chunk of flesh
 g - a slice of pizza
 q - a fruit


   Skills:
 + Level 2.9 Dodging
 - Level 1.7 Stealth
 - Level 2.0 Spellcasting
 + Level 2.0 Conjurations
 - Level 1.5 Charms
 - Level 3.6 Air Magic


You had 4 spell levels left.
You knew the following spells:

 Your Spells              Type           Power        Failure   Level  Hunger
a - Shock                 Conj/Air       ##..         10%         1    #......
b - Swiftness             Chrm/Air       #.......     12%         2    ###....


Dungeon Overview and Level Annotations

Branches:
Dungeon (5/15)
 Temple: D:4-7

Altars:
Ashenzari
Cheibriados
Dithmenos
Sif Muna
Yredelemnul

Annotations:
D:2 Sigmund
D:3 Grinder; cada's ghost, amateur NaFi
D:4 riffraff's ghost, amateur DsBe
D:5 dmf's ghost, novice DECj


Innate Abilities, Weirdness & Mutations

Your plain brown scales are hard (AC +5).
Your body does not fit into most forms of armour.
You are cold-blooded and may be slowed by cold attacks.


Message History

There is a stone staircase leading up here.
Dmf's ghost gestures at you while chanting.
The magic dart hits you! Dmf's ghost casts a spell at you.
The magic dart hits you!
Casting: Shock
Confirm with . or Enter, or press ? or * to list all spells.
You feel quick.
A giant cockroach comes into view.
Dmf's ghost casts a spell at you. The magic dart hits you!
Dmf's ghost gestures at you while chanting.
The magic dart hits you!
You start to feel a little slower.
Dmf's ghost points at you and mumbles some strange words.
The magic dart hits you!
* * * LOW HITPOINT WARNING * * *
Dmf's ghost casts a spell at you. The magic dart hits you!
You die...

##<..##
#.....#
#.....## .
#......# ..
#.....$# ...
##.....##
....
#......##..#
##........#
##...@.###
###..##
###..##
#..### #W##
##..# #...##
#....#
##..##


You could see dmf's ghost.

Vanquished Creatures
  A gnoll (D:4)
  2 adders (D:2)
  3 worms (D:2)
  2 giant geckos (D:3)
  7 bats
  2 giant cockroaches (D:3)
  6 hobgoblins
  5 jackals
  4 kobolds
  2 quokkas (D:2)
  2 ball pythons
  8 giant newts
  10 goblins
  11 rats
65 creatures vanquished.

Notes
Turn   | Place    | Note
--------------------------------------------------------------
     0 | D:1      | Jerry the Draconian Air Elementalist began the quest for the Orb.
     0 | D:1      | Reached XP level 1. HP: 14/14 MP: 3/3
   270 | D:1      | Reached XP level 2. HP: 20/20 MP: 1/5
  1094 | D:2      | Reached XP level 3. HP: 19/26 MP: 0/6
  1150 | D:2      | Learned a level 2 spell: Swiftness
  1424 | D:2      | Found a shadowy altar of Dithmenos.
  1817 | D:2      | Reached skill level 1 in Charms
  2092 | D:2      | Noticed Sigmund
  2162 | D:3      | Noticed Grinder
  2321 | D:2      | Reached XP level 4. HP: 33/33 MP: 2/7
  2484 | D:3      | Noticed cada's ghost (amateur NaFi)
  2953 | D:2      | Found a deep blue altar of Sif Muna.
  3238 | D:3      | Found a snail-covered altar of Cheibriados.
  3243 | D:3      | Found a basalt altar of Yredelemnul.
  3243 | D:3      | Found a shattered altar of Ashenzari.
  3341 | D:4      | Noticed riffraff's ghost (amateur DsBe)
  3346 | D:5      | Entered Level 5 of the Dungeon
  3346 | D:5      | Noticed dmf's ghost (novice DECj)
  3371 | D:5      | Killed from afar by dmf's ghost

Action                   |  1- 3 |  4- 6 || total
-------------------------+-------+-------++-------
Melee: Dagger            |    62 |     9 ||    71
       Unarmed           |     3 |       ||     3
 Cast: Shock             |    95 |    38 ||   133
       Swiftness         |       |     3 ||     3
  Use: Scroll            |       |     7 ||     7
 Stab: Sleeping          |     1 |       ||     1
  Eat: Chunk             |     6 |     4 ||    10
